 Dungeon Crawl Stone Soup version 0.26.0-15-gc6cd9f7 (webtiles) character file.

Game seed: 7094194203499066326

84 garbled the Digger (level 4, -1/25 HPs)
             Began as a Vampire Earth Elementalist on Jan 22, 2021.
             Was an Initiate of Fedhas.
             Slain by an iguana (13 damage)
             ... on level 4 of the Dungeon.
             The game lasted 00:05:45 (1592 turns).

garbled the Digger (Vampire Earth Elementalist)     Turns: 1592, Time: 00:05:46

Health: -1/25      AC:  5    Str:  7    XL:     4   Next: 23%
Magic:  3/8        EV: 12    Int: 18    God:    Fedhas [......]
Gold:   51         SH:  0    Dex: 14    Spells: 7/8 levels left

rFire    . . .     SeeInvis +   e - +0 dagger
rCold    + + .     Faith    .   (no shield)
rNeg     + + +     Spirit   .   c - +0 robe
rPois    ∞         Reflect  .   (no helmet)
rElec    .         Harm     .   (no cloak)
rCorr    .         Rampage  .   i - +2 pair of gloves
Will     .....                  (no boots)
Stlth    ++++......             (no amulet)
HPRegen  0.00/turn              (no ring)
MPRegen  0.11/turn              (no ring)

@: bloodless
A: fangs 3, see invisible, unbreathing
a: Bat Form, Revivify, Renounce Religion


You were on level 4 of the Dungeon.
You worshipped Fedhas.
Fedhas was noncommittal.
You visited 2 branches of the dungeon, and saw 4 of its levels.

You collected 51 gold pieces.

Inventory:

Hand Weapons
 e - a +0 dagger (weapon)
Missiles
 b - 2 stones
 h - 8 poisoned darts
Armour
 c - a +0 robe (worn)
 i - a +2 pair of gloves (worn)
Scrolls
 d - 2 scrolls of enchant weapon {unknown}
 g - a scroll of remove curse {unknown}
Potions
 a - a potion of resistance {unknown}
 f - a potion of heal wounds {unknown}
 j - a potion of berserk rage {unknown}


   Skills:
 + Level 1.0 Fighting
 - Level 1.0 Short Blades
 - Level 2.1 Dodging
 + Level 3.7 Stealth
 * Level 2.9 Spellcasting
 - Level 1.1 Transmutations
 * Level 3.8 Earth Magic
 + Level 0.0 Invocations


You had 7 spell levels left.
You knew the following spells:

 Your Spells              Type           Power        Failure   Level
a - Sandblast             Erth           32%          3%          1

Your spell library contained the following spells:

 Spells                   Type           Power        Failure   Level
 Passwall                 Tmut/Erth      9%           9%          2
 Stone Arrow              Conj/Erth      18%          22%         3
 Petrify                  Tmut/Erth      11%          52%         4
 Lee's Rapid Deconstruct  Erth           8%           67%         5


Dungeon Overview and Level Annotations

Branches:
Dungeon (4/15)             Temple (1/1) D:4

Altars:
Cheibriados
Elyvilon
Fedhas
Gozag
Kikubaaqudgha
Qazlal
Trog
Uskayaw
Zin


Innate Abilities, Weirdness & Mutations

You do not regenerate when monsters are visible.
You are frail without blood (-20% HP).
You can heal yourself when you bite living creatures.
You are immune to poison.
You have razor-sharp teeth.
You have supernaturally acute eyesight. (SInv)
You can survive without breathing.


Message History

The iguana barely misses you.
Unknown command.
You hit the iguana but do no damage.
The iguana is severely wounded.
The iguana barely misses you.
You hit the iguana but do no damage.
The iguana is severely wounded.
The iguana barely misses you.
You hit the iguana. Your bite misses the iguana.
The iguana is severely wounded.
The iguana bites you.
You hit the iguana but do no damage.
The iguana is severely wounded.
The iguana bites you!
You hit the iguana but do no damage.
The iguana is severely wounded.
The iguana bites you!
Ouch! That really hurt!
You die...
Fedhas appreciates your contribution to the ecosystem.

.... .. ....#..
# ...... ..
..#.# .#. #.
###.# ....
....###...##....
..#......l.#....
....##..@..##..
#..#...[....#
##.##...###...
#..#.###... .
##.#.#.....
#......##..
+...#.......
#..$........
.....#.......


You could see an iguana.

Vanquished Creatures
  A scorpion (Temple)
  An adder (D:1)
  A dart slug (D:1)
  A leopard gecko (D:2)
  3 bats (D:1)
  4 hobgoblins (D:1)
  4 jackals (D:1)
  2 kobolds
  2 goblins (D:1)
19 creatures vanquished.

Vanquished Creatures (others)
  13 plants (D:1)
13 creatures vanquished.

Grand Total: 32 creatures vanquished

Notes
Turn   | Place    | Note
-------+----------+-------------------------------------------
     0 | D:1      | garbled the Vampire Earth Elementalist began the quest for
                  | the Orb.
     0 | D:1      | Reached XP level 1. HP: 13/13 MP: 3/3
   579 | D:1      | Reached XP level 2. HP: 12/19 MP: 3/5
  1157 | D:1      | Reached skill level 1 in Short Blades
  1157 | D:1      | Reached XP level 3. HP: 21/25 MP: 1/6
  1248 | D:2      | You fall into a shaft and drop 2 floors!
  1249 | D:4      | Noticed a scorpion
  1250 | D:4      | Found a staircase to the Ecumenical Temple.
  1258 | Temple   | Entered the Ecumenical Temple
  1264 | Temple   | Killed a scorpion
  1265 | Temple   | Reached skill level 1 in Fighting
  1265 | Temple   | Reached XP level 4. HP: 15/25 MP: 0/8
  1453 | Temple   | Became a worshipper of Fedhas Madash
  1592 | D:4      | Slain by an iguana

Illustrated notes

Levels and vault maps discovered:
D:1:      tarquinn_simple_flora_water_a, layout_basic
D:2:      layout_loops_ring, nzn_wu_jian_contemplation, st_stairs_7
D:4:      layout_basic, minmay_temple_entry_slanted, gup_sewer_entry_spiral,
          serial_rivers, chequers_serial_rivers_small_b,
          chequers_serial_rivers_marsh, chequers_serial_rivers_micro_a,
          chequers_serial_rivers_marsh, uniq_sigmund, uniq_crazy_yiuf_cottage
Temple:   jpeg_temple_island

Skill      XL: |  1  2  3 |
---------------+----------+-----
Short Blades   | 1 |  1.0
Fighting       | 1 |  1.0
Dodging        | |  2.1
Stealth        | |  3.7
Spellcasting   | |  2.9
Transmutations | |  1.1
Earth Magic    | |  3.8

Action                   |  1- 3 |  4- 6 || total
-------------------------+-------+-------++-------
Melee: Dagger            |    31 |     7 ||    38
       Bite              |     1 |       ||     1
 Cast: Sandblast         |    23 |     6 ||    29
 Abil: Exsanguinate      |     1 |       ||     1
 Stab: Sleeping          |     4 |       ||     4
Armor: Robe              |    11 |     1 ||    12
Dodge: Dodged            |    36 |     7 ||    43
